 Dungeon Crawl Stone Soup version 0.24.0-123-gd5b16e6ec5 (webtiles) character file.

Game seed: 15869051308117777869, levelgen mode: deterministic

5 glosham the Skirmisher (level 1, -10/18 HPs)
             Began as a Mummy Abyssal Knight on Dec 28, 2019.
             Was a Follower of Lugonu.
             Mangled by a chaos spawn (16 damage)
             ... summoned by a kobold demonologist
             ... on level 1 of the Abyss.
             The game lasted 00:01:05 (44 turns).

glosham the Skirmisher (Mummy Abyssal Knight)         Turns: 44, Time: 00:01:06

Health: -10/18     AC:  6    Str: 15    XL:     1   Next: 66%
Magic:  2/2        EV: 11    Int: 11    God:    Lugonu [*.....]
Gold:   0          SH:  0    Dex: 11    Spells: 0/0 levels left

rFire    x . .     SeeInvis .   a - +1 hand axe
rCold    + . .     Gourm    .   (no shield)
rNeg     + + +     Faith    .   b - +0 leather armour
rPois    ∞         Spirit   .   (no helmet)
rElec    .         Reflect  .   (no cloak)
rCorr    .         Harm     .   (no gloves)
MR       .....                  (no boots)
Stlth    +.........             (no amulet)
HPRegen  0.06/turn              A - +3 ring of protection
MPRegen  0.08/turn              (no ring)

@: no status effects
A: no food or potions, fire vulnerability, cold resistance 1, negative energy
resistance 3, torment resistance, unbreathing
a: Depart the Abyss, Renounce Religion


You were on level 1 of the Abyss.
You worshipped Lugonu.
Lugonu was aware of your devotion.
You were not hungry.

You visited 0 branches of the dungeon, and saw 0 of its levels.
You visited the Abyss 1 time.

Inventory:

Hand Weapons
 a - a +1 hand axe (weapon)
Armour
 b - a +0 leather armour (worn)
Jewellery
 A - a +3 ring of protection (left hand)


   Skills:
 - Level 3.0 Fighting
 * Level 2.0 Axes
 - Level 1.5 Armour
 - Level 0.7 Dodging
 - Level 1.5 Invocations


You couldn't memorise any spells.
You didn't know any spells.
Your spell library was empty.

Dungeon Overview and Level Annotations

Branches:
Dungeon (0/15)

Altars:


Innate Abilities, Weirdness & Mutations

You do not eat or drink.
Your flesh is vulnerable to fire.
You are immune to poison.
Your flesh is cold resistant. (rC+)
You are immune to negative energy. (rN+++)
You are immune to unholy pain and torment.
You can survive without breathing.


Message History

The kobold demonologist barely misses you.
You closely miss the kobold demonologist.
The kobold demonologist is moderately wounded.
The kobold demonologist casts a spell.
The kobold demonologist hits you but does no damage.
You hit the kobold demonologist.
The kobold demonologist is moderately wounded.
You hit the shadow imp.
The kobold demonologist hits you but does no damage.
The shadow imp barely misses you.
You barely miss the kobold demonologist.
The kobold demonologist is moderately wounded.
You completely miss the shadow imp.
The kobold demonologist hits you but does no damage.
The shadow imp barely misses you.
You barely miss the kobold demonologist.
The kobold demonologist is moderately wounded.
You barely miss the shadow imp. The shadow imp hits you.
The kobold demonologist hits you but does no damage.
The crimson imp blinks!
You barely miss the kobold demonologist.
The kobold demonologist is moderately wounded.
You hit the shadow imp.
The kobold demonologist hits you but does no damage.
The shadow imp hits you but does no damage.
You closely miss the kobold demonologist.
The kobold demonologist is moderately wounded.
You hit the shadow imp but do no damage.
The shadow imp hits you but does no damage.
The kobold demonologist begins to cast a cantrip, but forgets the words!
The shadow imp hits you.
The kobold demonologist casts a spell.
You hit the kobold demonologist.
The kobold demonologist is heavily wounded.
You hit the shadow imp but do no damage.
You barely miss the chaos spawn.
The kobold demonologist hits you but does no damage.
The chaos spawn gores you!
Ouch! That really hurt!
You die...

..# .#.#.#
...# #..#.##
. ..#..#. .
## #.#.#..
### . .....#
.. . ..#. ..#
#.## #...## .
#.#K## # #5@#
# .#.....4#.#
.######.##..#
# ## .....
#..#.# ..
##.# . # . #
≈


You could see a kobold demonologist, a chaos spawn and a shadow imp.

Vanquished Creatures
  An ufetubus (Abyss:1)
1 creature vanquished.

Notes
Turn   | Place    | Note
-------+----------+-------------------------------------------
     0 | Abyss:1  | glosham the Mummy Abyssal Knight began the quest for the
                  | Orb.
     0 | Abyss:1  | Reached XP level 1. HP: 18/18 MP: 2/2
    26 | Abyss:1  | Noticed a kobold demonologist
    33 | Abyss:1  | Reached skill level 2 in Axes
    40 | Abyss:1  | Noticed a crimson imp
    44 | Abyss:1  | Noticed a chaos spawn
    44 | Abyss:1  | Mangled by a chaos spawn

Levels and vault maps discovered:
Abyss:1:  minivault_19

Skill      XL: |  1 |
---------------+----+-----
Axes           | 2 |  2.0
Fighting       | |  3.0
Armour         | |  1.5
Dodging        | |  0.7
Invocations    | |  1.5

Action                   || total
-------------------------++-------
Melee: Hand axe          ||    16
Armor: Leather armour    ||    12
Dodge: Dodged            ||    11

Table legend:
 A = Turns spent in this place as a percentage of turns spent in the entire game.
 B = Non-inter-level travel turns spent in this place as a percentage of non-inter-level travel turns spent in the entire game.
 C = Inter-level travel turns spent in this place as a percentage of turns spent in this place.
 D = Turns resting spent in this place as a percentage of non-inter-level travel turns spent in this place.
 E = Turns spent auto-exploring this place as a percentage of non-inter-level travel turns spent in this place.
 F = Non-inter-level travel turns spent in this place divided by the number of levels of this place that you've seen.
                   A       B       C       D       E      F
               +-------+-------+-------+-------+-------+----------------------
         Total | 100.0 | 100.0 |   0.0 |   0.0 |   0.0 |  44.0
         Abyss | 100.0 | 100.0 |   0.0 |   0.0 |   0.0 |  44.0
               +-------+-------+-------+-------+-------+----------------------

Table legend:
 A = Kills in this place as a percentage of kills in entire the game.
 B = Kills by you in this place as a percentage of kills by you in the entire game.
 C = Kills by friends in this place as a percentage of kills by friends in the entire game.
 D = Other kills in this place as a percentage of other kills in the entire game.
 E = Experience gained in this place as a percentage of experience gained in the entire game.
 F = Experience gained in this place divided by the number of levels of this place that you have seen.
                   A       B       C       D       E      F
               +-------+-------+-------+-------+-------+----------------------
         Total | 100.0 | 100.0 |   N/A |   N/A | 100.0 |   8.0
         Abyss | 100.0 | 100.0 |   N/A |   N/A | 100.0 |   8.0
               +-------+-------+-------+-------+-------+----------------------

Levels and vault maps discovered:
Abyss:1:  minivault_19
